AoeStats
← Axolot

Arena

505347641Analyzed
2v2 RM · 23d ago on Sep 9, 2026· 13m 11s· 4 players
Game mode
Random Map
Map size
Medium (4 player)
Population
200
Speed
Normal
Resources
Standard
Victory
Conquest
Starting age
Dark Age
Ending age
Imperial Age
RankedLock teamsTeams togetherTeam positionsShared explorationLock speedFull tech treeHidden civsTurbo modeCheats
Victory
Defeat
🇦🇷 Jurchens · Argentina
1503
+15
🇦🇷 Italians · Argentina
1497
+15
🇦🇷 Teutons · Argentina
1476
-15
🇦🇷 Turks · Argentina
1476
-15
El Guason
9:57 Feudal Age
Batman
9:44 Loom
11:46 Feudal Age
Dino_Mate
6:18 Loom
9:19 Feudal Age
10:01 Double-Bit Axe
Axolot
9:31 Feudal Age
8:34 Loom
14:06 Castle Age
12:38 Double-Bit Axe
Connection lost

Rejoining the realm…

Still unreachable

The connection could not be restored.

Session expired

The server has moved on; the page needs a fresh start.